 Dungeon Crawl Stone Soup version 0.20-a0-1122-gb7cbeb9 (webtiles) character file.

665 JiminyMac the Chopper (level 7, -2/62 HPs)
             Began as a Minotaur Berserker on May 13, 2017.
             Was a Priest of Trog.
             Slain by an iron imp (5 damage)
             ... summoned by Eustachio
             ... on level 4 of the Dungeon.
             The game lasted 00:11:31 (3313 turns).

JiminyMac the Chopper (Minotaur Berserker)          Turns: 3313, Time: 00:11:32

Health: -2/62      AC:  7    Str: 24      XL:     7   Next: 31%
Magic:  6/6        EV: 11    Int:  7      God:    Trog [***...]
Gold:   397        SH:  0    Dex:  6 (9)  Spells: 6/6 levels left

rFire    . . .     SeeInvis .   a - +0 hand axe
rCold    . . .     Gourm    .   (no shield)
rNeg     . . .     Faith    .   f - +0 ring mail
rPois    .         Spirit   .   (helmet restricted)
rElec    .         Reflect  .   (no cloak)
rCorr    .         Harm     .   m - +0 pair of gloves
MR       ++...                  (no boots)
Stlth    ..........             (no amulet)
Regen    1.2/turn               s - +3 ring of intelligence
MPRegen  0.1/turn               (no ring)

@: regenerating
A: retaliatory headbutt, horns 2
a: Berserk, Trog's Hand, Burn Spellbooks, Renounce Religion


You were on level 4 of the Dungeon.
You worshipped Trog.
Trog was most pleased with you.
You were very hungry.

You visited 1 branch of the dungeon, and saw 4 of its levels.
You also visited: Ossuary.

You collected 397 gold pieces.

Inventory:

Hand Weapons
 a - a +0 hand axe (weapon)
Armour
 f - a +0 ring mail (worn)
 m - a +0 pair of gloves (worn)
Jewellery
 g - an uncursed ring of ice
 s - a +3 ring of intelligence (left hand)
Wands
 r - a wand of paralysis (11/24)
Scrolls
 b - a scroll of fear {unknown}
 d - 3 scrolls of remove curse
 e - 4 scrolls of enchant armour {unknown}
 i - 3 scrolls of identify
 j - a scroll of enchant weapon {unknown}
 l - 2 scrolls of recharging {unknown}
 n - 2 scrolls of magic mapping {unknown}
 q - 2 scrolls of teleportation {unknown}
 v - a scroll of immolation {unknown}
 y - a scroll of blinking {unknown}
 A - a scroll of fog {unknown}
Potions
 h - 4 potions of lignification
 o - a potion of mutation
 t - a potion of might {unknown}
 u - 2 potions of invisibility {unknown}
 w - a potion of flight {unknown}
 x - a potion of heal wounds {unknown}
 z - a potion of haste {unknown}
Comestibles
 c - 3 bread rations
 k - 2 meat rations
 p - 3 fruits
 B - 7 chunks of flesh


   Skills:
 + Level 5.9 Fighting
 * Level 7.8 Axes
 + Level 5.2 Armour
 - Level 2.1 Dodging


You had 6 spell levels left.
You didn't know any spells.

Dungeon Overview and Level Annotations

Branches:
Dungeon (4/15)
 Temple: D:4-7

Altars:
Fedhas

Annotations:
D:4 Eustachio


Innate Abilities, Weirdness & Mutations

You reflexively headbutt those who attack you in melee.
You have a pair of horns on your head.


Message History

The quokka bites you but does no damage.
The crimson imp shouts, "Remove thy stench, thou warped moldwarp giglet!"
The crimson imp blinks!
You hit the crimson imp.
The crimson imp is heavily wounded.
You hit the river rat but do no damage. You barely miss the river rat.
You hit the quokka.
You kill the quokka!
The quokka's corpse disappears in a puff of smoke!
The white imp gestures at you. The puff of frost hits you!
* * * LOW HITPOINT WARNING * * *
The river rat bites you but does no damage.
The river rat barely misses you.
The crimson imp blinks!
Eustachio gestures wildly while chanting.
Eustachio blinks!
The river rat barely misses you.
The river rat bites you but does no damage.
The crimson imp spits at you.
The crimson imp blinks!
The iron imp hits you.
You die...

#...# ##.... #...####
##.....
##......#####....(.
##..................
###..........##.......
##........######.......
##......###### #.......
......55.....##
##<.....
.###...@.§....##
#...... #..§rr§..5..#
#...... #...........#
##..... #............#
#..... #...........##
###... ##....@....##
##....##### ######


You could see Eustachio, an iron imp, a crimson imp, 2 river rats and a white
imp.

Vanquished Creatures
  A hippogriff (D:3)
  The ghost of enarc13 the Changer, an amateur DrTm (D:3)
  An ogre (D:4)
  A howler monkey (D:4)
  An iguana (D:4)
  8 mummies (Ossuary)
  3 adders
  2 worms (D:3)
  A dart slug (D:1)
  A leopard gecko (D:3)
  4 orcs (D:4)
  A ball python (D:1)
  7 bats
  A giant cockroach (D:3)
  5 goblins
  9 hobgoblins
  2 jackals (D:1)
  6 frilled lizards
  A hobgoblin zombie (Ossuary)
  7 kobolds
  A kobold zombie (Ossuary)
  6 orc zombies (Ossuary)
  5 rats
75 creatures vanquished.

Notes
Turn   | Place    | Note
-------+----------+-------------------------------------------
     0 | D:1      | JiminyMac the Minotaur Berserker began the quest for the Orb.
     0 | D:1      | Reached XP level 1. HP: 19/19 MP: 0/0
    77 | D:1      | Reached skill level 4 in Axes
    77 | D:1      | Reached XP level 2. HP: 15/27 MP: 1/1
   844 | D:2      | Reached ** piety under Trog
   910 | D:2      | Reached XP level 3. HP: 31/33 MP: 2/2
   965 | D:2      | Found a blossoming altar of Fedhas.
  1712 | D:3      | Noticed enarc13's ghost (amateur DrTm)
  1726 | D:3      | Killed enarc13's ghost
  1726 | D:3      | Reached skill level 5 in Axes
  1726 | D:3      | Reached XP level 4. HP: 22/41 MP: 3/3
  1726 | D:3      | Reached XP level 5. HP: 26/47 MP: 4/4
  1968 | D:3      | Reached skill level 6 in Axes
  2041 | D:3      | Noticed a hippogriff
  2051 | D:3      | Killed a hippogriff
  2051 | D:3      | Reached skill level 5 in Fighting
  2051 | D:3      | Reached XP level 6. HP: 43/56 MP: 5/5
  2457 | D:4      | Reached skill level 7 in Axes
  2463 | D:4      | Reached skill level 5 in Armour
  2463 | D:4      | Reached XP level 7. HP: 32/62 MP: 6/6
  2585 | D:4      | Found a sand-covered staircase.
  2593 | Ossuary  | Entered an ossuary
  2903 | Ossuary  | Reached *** piety under Trog
  3281 | D:4      | Noticed Eustachio
  3312 | D:4      | HP: 2/62 [white imp/puff of frost[Eustachio] (7)]
  3313 | D:4      | Slain by an iron imp

Vault maps used:
D:1:      mrwooster_arrival_statue
D:2:      overflow_temple_1_default, first_bread
D:4:      okawaru_trees_2, minmay_temple_entry_mist, nicolae_ossuary_entry_plus,
          uniq_eustachio, uniq_ijyb
Ossuary:  ossuary_tomb_3

Skill      XL: |  1  2  3  4  5  6 |
---------------+-------------------+-----
Axes           | 4 5 6 7 |  7.8
Fighting       | 4 5 |  5.9
Armour         | 4 5 |  5.2
Dodging        | |  2.1

Action                   |  1- 3 |  4- 6 |  7- 9 || total
-------------------------+-------+-------+-------++-------
Melee: Hand axe          |    92 |    30 |    81 ||   203
       Headbutt          |    17 |     8 |    17 ||    42
Invok: Berserk           |     1 |     1 |     3 ||     5
       Trog's Hand       |       |       |     1 ||     1
  Use: Scroll            |     1 |     2 |       ||     3
  Eat: Chunk             |     2 |     5 |       ||     7
       Bread ration      |       |       |     1 ||     1
Armor: Animal skin       |     4 |       |       ||     4
       Ring mail         |    24 |     9 |    56 ||    89
Dodge: Dodged            |    60 |    23 |    84 ||   167
